cohdb
Replays
Latest Replays
All Replays
Popular Replays
Top Player Replays
Match Explorer
How It Works
Community
CoH3 Stats
Reddit
Sign in to upload your games and track your stats! →
Sign in with Steam
Match 40874766
Unlisted
Match 40874766
Overview
Messages
Build Orders
End
Construct Section Command Post
Infantry Section
Infantry Section
ML 3-inch Mortar Team
Infantry Section
Selects Heavy Armor Battlegroup
Selects Rigorous Vehicle Training
Construct Platoon Command Post
Selects Forward Repair Assembly
Construct Company Command Post
Crusader II Medium Tank
Crusader II Medium Tank
Grenade Package
6-pounder Anti-tank Gun Team
Crusader II Medium Tank
Selects Light Vehicle Withdraw and Refit
Selects Radio Net
Armored Vehicle Training
Royal Engineer Section
Crusader II Medium Tank
CMP 15cwt Truck
Selects Churchill Black Prince Heavy Tank
Churchill Black Prince Heavy Tank
CMP 15cwt Truck
Royal Engineer Section
Selects Designate Targets
Designate Targets
Foot Guards Section
Designate Targets
Captain Slackbladder
邀功小子
俗人
zlxkss
游戏陪练友人A
抖音呆呆河马-英3小程序
任大大
爱姝琴的每一天
0
0
Comments
sign in to comment!
No comments posted yet!